 Dungeon Crawl Stone Soup version 0.30-a0-782-ge64f9170bb (webtiles) character file.

Game seed: 3327031124234405019

211 Flugkiller the Slasher (level 5, -1/43 HPs)
             Began as a Merfolk Berserker on Mar 12, 2023.
             Was a Believer of Trog.
             Slain by Grinder (4 damage)
             ... on level 3 of the Dungeon.
             The game lasted 00:01:40 (2503 turns).

Flugkiller the Slasher (Merfolk Berserker)          Turns: 2503, Time: 00:01:40

Health: -1/43      AC:  8    Str: 18    XL:     5   Next: 88%
Magic:  5/5        EV: 11    Int:  6    God:    Trog [**....]
Gold:   159        SH:  0    Dex: 15    Spells: 4/4 levels left

rFire   + . .      SeeInvis .    a - +1 falchion
rCold   . . .      Faith    .    (no shield)
rNeg    . . .      Spirit   .    h - +2 scale mail {rF+}
rPois   .          Reflect  .    (no helmet)
rElec   .          Harm     .    (no cloak)
rCorr   .          Rampage  .    (no gloves)
Will    .....                    (no boots) Stlth
                                 (no amulet)
HPRegen 0.27/turn                (no ring)
MPRegen 0.09/turn                (no ring)

@: mighty, on berserk cooldown, slowed, very slow
A: (nimble swimmer 2), mertail
a: Renounce Religion, Berserk, Trog's Hand


You were on level 3 of the Dungeon.
You worshipped Trog.
Trog was pleased with you.
You visited 1 branch of the dungeon, and saw 3 of its levels.

You collected 159 gold pieces.

Inventory:

Hand Weapons
 a - a +1 falchion (weapon)
Armour
 b - a +0 animal skin
 h - a +2 scale mail of fire resistance (worn)
   (You took it off Terence on level 3 of the Dungeon)
Jewellery
 e - a ring of positive energy
   (You found it on level 1 of the Dungeon)
Scrolls
 g - a scroll of fog
 i - a scroll of vulnerability {unknown}
 r - 2 scrolls of identify
 t - a scroll of teleportation
Potions
 c - a potion of lignification {unknown}
 d - a potion of might
 f - a potion of mutation {unknown}


   Skills:
 + Level 4.8 Fighting
 + Level 5.3 Long Blades
 - Level 1.3 Armour
 + Level 5.0 Dodging


You had 4 spell levels left.
You didn't know any spells.
Your spell library was empty.

Dungeon Overview and Level Annotations

Branches:
Dungeon (3/15) Zot: 15447

Altars:
Cheibriados
Hepliaklqana
Kikubaaqudgha

Annotations:
D:3 Grinder


Innate Abilities, Weirdness & Mutations

((You are very nimble when in or above water. (Stealth+, EV+, Speed+++)))
Your lower body shifts to a powerful aquatic tail in water.


Message History

You feel your anger nearly subside.
You are no longer berserk.
You are exhausted.
You feel yourself slow down.
You start resting.
HP restored.
Things that are here:
a +0 mace; a +2 scale mail of fire resistance; the human corpse of Terence
h - a +2 scale mail of fire resistance You start removing your armour.
You continue taking off your +0 animal skin. x4
You finish taking off your +0 animal skin.
You start putting on your armour.
You continue putting on your +2 scale mail of fire resistance. x5
You finish putting on your +2 scale mail of fire resistance.
You feel resistant to fire.
You start waiting.
You feel yourself speed up.
You recover from your berserk rage.
Found 2 stones.
Found a spear.
i - a scroll labelled YLOVUON ETIONO You now have 139 gold pieces (gained 9).
You now have 157 gold pieces (gained 18).
r - 2 scrolls of identify (gained 1)
You now have 159 gold pieces (gained 2).
Grinder comes into view.
Found 4 stones.
Grinder shouts!
Grinder gestures at you.
You barely resist. You hit Grinder but do no damage. Grinder gestures at you.
You suddenly lose the ability to move!
Grinder hits you.
You writhe in agony.
Grinder gestures at you.
You shrug off the repeated paralysis!
Grinder says, "There's only one good use for a tongue: cutting it out."
Grinder barely misses you.
A rat comes into view.
Grinder blinks!
You can move again.
You barely miss the rat.
Grinder blinks!
The rat closely misses you.
You hit the rat.
You kill the rat!
Trog accepts your kill.
You see here a rat corpse.
You aren't carrying any items that you can evoke.
Unknown command.
You start resting.
Grinder is nearby!
A red film seems to cover your vision as you go berserk!
You feel yourself moving faster!
You feel mighty!
Grinder rolls her eyes.
Grinder blinks!
You feel a strong urge to attack something.
Grinder blinks!
You slash Grinder!
Grinder is moderately wounded.
You closely miss Grinder.
Grinder is moderately wounded.
Grinder hits you but does no damage.
You closely miss Grinder.
Grinder is moderately wounded.
Grinder gestures at you.
You barely resist. You slash Grinder!
Grinder is severely wounded.
You slash Grinder!
Grinder is almost dead.
Grinder hits you.
You writhe in agony.
You barely miss Grinder.
Grinder is almost dead.
Grinder drinks a potion.
Grinder is healed!
You hit Grinder.
Grinder is moderately wounded.
Grinder closely misses you.
You barely miss Grinder.
Grinder is moderately wounded.
You slash Grinder!
Grinder is severely wounded.
Grinder hits you.
You barely miss Grinder.
Grinder is severely wounded.
You are no longer berserk.
You are exhausted.
You feel yourself slow down. Grinder hits you!
You writhe in agony.
You are too injured to fight recklessly!
You are too injured to fight recklessly!
You hit Grinder.
Grinder is almost dead.
Grinder hits you!
You writhe in agony.
* * * LOW HITPOINT WARNING * * *
Unknown command.
You aren't carrying any items that you can evoke.
Unknown command.
You feel very mighty all of a sudden. Grinder hits you!
* * * LOW HITPOINT WARNING * * *
You writhe in agony.
You die...

# # ######### #
#5@.....# #
#.#####.# #####
#.#####.#### #....
#.##.......####.###
#.##.##.##......# #
#.##†##.#########
#..(....# #.......5#
#..##.#.)###########


You could see Grinder.

Vanquished Creatures
  Jessica (D:2)
  Natasha (thrice) (D:2)
  Terence (D:3)
  3 adders (D:2)
  2 worms
  4 endoplasms
  3 giant cockroaches
  7 goblins
  7 hobgoblins
  4 jackals (D:1)
  3 quokkas
  6 ball pythons
  2 bats (D:1)
  2 frilled lizards
  3 kobolds
  6 rats
57 creatures vanquished.

Notes
Turn   | Place    | Note
-------+----------+-------------------------------------------
     0 | D:1      | Flugkiller the Merfolk Berserker began the quest for the
                  | Orb.
     0 | D:1      | Reached XP level 1. HP: 18/18 MP: 1/1
   104 | D:1      | Reached XP level 2. HP: 19/24 MP: 2/2
   340 | D:1      | Reached XP level 3. HP: 27/30 MP: 3/3
   825 | D:2      | Reached ** piety under Trog
   991 | D:2      | Found a hazy altar of Hepliaklqana.
  1001 | D:2      | Noticed Natasha
  1013 | D:2      | Killed Natasha
  1014 | D:2      | Reached XP level 4. HP: 25/37 MP: 4/4
  1023 | D:2      | Noticed Natasha
  1166 | D:2      | Killed Natasha
  1343 | D:2      | Noticed Jessica
  1351 | D:2      | Killed Jessica
  1459 | D:2      | Noticed Natasha
  1475 | D:2      | Killed Natasha
  1476 | D:2      | Reached skill level 5 in Long Blades
  1476 | D:2      | Reached XP level 5. HP: 43/43 MP: 5/5
  2156 | D:3      | Found an ancient bone altar of Kikubaaqudgha.
  2156 | D:3      | Found a snail-covered altar of Cheibriados.
  2244 | D:3      | Noticed Terence
  2250 | D:3      | Killed Terence
  2251 | D:3      | Reached skill level 5 in Dodging
  2461 | D:3      | Noticed Grinder
  2464 | D:3      | Paralysed by Grinder for 5 turns
  2503 | D:3      | Slain by Grinder

Illustrated notes

Levels and vault maps discovered:
D:1:      nicolae_arrival_washed_ashore, layout_loops_ring, serial_bayou_pond_a
D:2:      minmay_chambers_of_twos, layout_loops_ring, basic_altar, uniq_natasha,
          uniq_jessica
D:3:      layout_loops_cross, gammafunk_temple_overflow_elements,
          skrybe_limestone_x, uniq_terence, uniq_grinder

Skill      XL: |  1  2  3  4  5 |
---------------+----------------+-----
Dodging        | 3 4 5 |  5.0
Long Blades    | 4 5 |  5.3
Fighting       | 4 |  4.8
Armour         | |  1.3

Action                     |  1- 3 |  4- 6 || total
---------------------------+-------+-------++-------
  Melee: Falchion          |   113 |   100 ||   213
         Tailslap          |     1 |       ||     1
 Invoke: Berserk           |     1 |     4 ||     5
    Use: Scroll            |       |     6 ||     6
         Potion            |       |     1 ||     1
   Stab: Sleeping          |     3 |     2 ||     5
 Armour: Animal skin       |    20 |     5 ||    25
         Scale mail        |       |     1 ||     1
  Dodge: Dodged            |    96 |    55 ||   151

Table legend: (Time is in decaauts)
 A = Elapsed time spent in this place.
 B = Non-inter-level travel time spent in this place.
 C = Inter-level travel time spent in this place.
 D = Time resting spent in this place.
 E = Time spent auto-exploring this place.
 F = Levels seen in this place.
 G = Mean time per level.
                   A        B        C        D        E       F      G
               +--------+--------+--------+--------+--------+-----+--------+
         Total |   2551 |   2506 |     45 |    628 |   1352 |   3 |  850.3 |
       Dungeon |   2551 |   2506 |     45 |    628 |   1352 |   3 |  850.3 |
               +--------+--------+--------+--------+--------+-----+--------+

Top non-repeatable levels by time:
     D:2: 1264 daAuts
     D:1: 819 daAuts
     D:3: 467 daAuts
